 Dungeon Crawl Stone Soup version 0.21.1-1-g345015fe64 (webtiles) character file.

3248 Revguard the Cleaver (level 9, -3/102 HPs)
             Began as a Demonspawn Berserker on June 14, 2018.
             Was an Elder of Trog.
             Slain by a yak (9 damage)
             ... on level 9 of the Dungeon.
             The game lasted 00:24:32 (7262 turns).

Revguard the Cleaver (Demonspawn Berserker)         Turns: 7262, Time: 00:24:32

Health: -3/102     AC: 11    Str: 25    XL:     9   Next: 67%
Magic:  0/9        EV:  9    Int: 10    God:    Trog [****..]
Gold:   424        SH:  0    Dex: 12    Spells: 8/8 levels left

rFire    + . .     SeeInvis .   D - +3 hand axe (chop)
rCold    + . .     Gourm    .   (no shield)
rNeg     + . .     Faith    .   j - +0 chain mail
rPois    .         Spirit   +   n - +0 helmet
rElec    .         Reflect  .   o - scarf {rC+ rF+}
rCorr    +         Harm     +   (no gloves)
MR       ++...                  (no boots)
Stlth    ..........             p - amulet of harm
HPRegen  1.27/turn              l - ring of resist corrosion
MPRegen  0.22/turn              s - ring of positive energy

@: berserking, regenerating, very quick
A: nightstalker 2, magic shield, magic regeneration
a: Berserk, Trog's Hand, Brothers in Arms, Burn Spellbooks, Renounce Religion


You were on level 9 of the Dungeon.
You worshipped Trog.
Trog was greatly pleased with you.
You were very hungry.

You visited 2 branches of the dungeon, and saw 10 of its levels.

You collected 424 gold pieces.

Inventory:

Hand Weapons
 D - a +3 hand axe of chopping (weapon)
Armour
 j - a +0 chain mail (worn)
 n - a +0 helmet (worn)
 o - a scarf of resistance (worn)
Jewellery
 l - a ring of resist corrosion (left hand)
 p - an amulet of harm (around neck)
 s - a ring of positive energy (right hand)
Wands
 E - a wand of disintegration (12)
 K - a wand of iceblast (12)
Scrolls
 d - 6 scrolls of remove curse
 i - a scroll of holy word {unknown}
 q - a scroll of enchant armour {unknown}
 t - 2 scrolls of immolation {unknown}
 u - 2 scrolls of magic mapping {unknown}
 v - 2 scrolls of blinking {unknown}
 x - 2 scrolls of fear {unknown}
 C - 3 scrolls of teleportation {unknown}
 F - 2 scrolls of amnesia {unknown}
 G - a scroll of fog {unknown}
 J - a scroll of random uselessness {unknown}
Potions
 b - 4 potions of curing
 e - 3 potions of magic
 g - 3 potions of might
 h - 3 potions of resistance
 k - 2 potions of degeneration
 r - a potion of mutation {unknown}
 A - a potion of brilliance {unknown}
 B - a potion of haste {unknown}
 H - a potion of heal wounds {unknown}
 I - a potion of flight
Comestibles
 c - 9 rations


   Skills:
 + Level 5.4 Fighting
 * Level 10.4 Axes
 + Level 5.9 Armour
 + Level 3.0 Dodging
 + Level 0.4 Evocations


You had 8 spell levels left.
You didn't know any spells.

Dungeon Overview and Level Annotations

Branches:
Dungeon (9/15)             Temple (1/1) D:4
   Lair: D:8-11         Orc: D:9-12

Altars:
Ashenzari
Cheibriados
Dithmenos
Elyvilon
Fedhas
Gozag
Hepliaklqana
Nemelex Xobeh
Okawaru
Ru
Sif Muna
Trog
Uskayaw
Vehumet
Wu Jian
Xom
Yredelemnul
Zin
The Shining One

Shops:
D:5 =


Innate Abilities, Weirdness & Mutations

You are significantly more attuned to the shadows.
When hurt, damage is shared between your health and your magic reserves.
You regenerate magic rapidly.


Message History

You barely miss the yak. The yak gores you.
* * * LOW HITPOINT WARNING * * *
The yak gores you but does no damage.
You closely miss the yak.
The yak is severely wounded.
You barely miss the yak. You slash the yak!
You feel the power of Trog in you as your rage grows.
You kill the yak!
Trog accepts your kill.
You hit the yak. The yak closely misses you.
You slash the yak!
You kill the yak!
Trog accepts your kill.
Your Dodging skill increases to level 3!
The yak completely misses you.
You slice the yak!!
The yak is severely wounded.
The yak gores you!
You die...

#.#
.............# .#
#####........#
#........#
#........#
#........#
#........#
#.........#
#######.......#+#
..YYY@).......+
..?Y####...####
... #...# ..
#...# . #....#
##....


You could see 4 yaks.

Vanquished Creatures
  A two-headed ogre (D:8)
  2 hippogriffs (D:8)
  A wyvern (D:8)
  2 yaks (D:9)
  An orc warrior (D:8)
  A sky beast (D:8)
  2 ogres
  A phantom (D:6)
  A wyvern skeleton (D:7)
  2 scorpions
  3 howler monkeys (D:8)
  A crimson imp (D:8)
  A bullfrog zombie (D:8)
  4 hounds
  A bullfrog skeleton (D:9)
  2 orc priests
  A centaur skeleton (D:6)
  Terence (D:2)
  9 worker ants
  8 orc wizards
  A killer bee zombie (D:8)
  A howler monkey skeleton (D:5)
  8 gnolls
  8 adders
  2 shadow imps
  An ooze (D:4)
  3 adder skeletons
  2 worms
  4 dart slugs
  2 leopard geckos
  27 orcs
  8 giant cockroaches
  10 goblins
  6 hobgoblins
  7 jackals
  2 kobolds (D:2)
  7 quokkas
  A ball python (D:4)
  11 bats
  4 frilled lizards
  A jackal skeleton (D:7)
  A leopard gecko skeleton (D:5)
  A quokka zombie (D:5)
  13 rats
176 creatures vanquished.

Notes
Turn   | Place    | Note
-------+----------+-------------------------------------------
     0 | D:1      | Revguard the Demonspawn Berserker began the quest for the Orb.
     0 | D:1      | Reached XP level 1. HP: 18/18 MP: 1/1
   253 | D:1      | Reached skill level 3 in Axes
   366 | D:1      | Gained mutation: When hurt, damage is shared between your health and your magic reserves. [demonic ancestry]
   366 | D:1      | Reached XP level 2. HP: 24/24 MP: 2/2
   733 | D:1      | Gained mutation: You regenerate magic rapidly. [demonic ancestry]
   733 | D:1      | Reached XP level 3. HP: 27/29 MP: 3/3
   868 | D:1      | Reached ** piety under Trog
  1102 | D:2      | Noticed Terence
  1107 | D:2      | Killed Terence
  1107 | D:2      | Reached skill level 4 in Axes
  1107 | D:2      | Reached XP level 4. HP: 35/35 MP: 4/4
  1497 | D:2      | Found an ornate altar of the Wu Jian Council.
  1998 | D:3      | Gained mutation: You are slightly more attuned to the shadows. [demonic ancestry]
  1998 | D:3      | Reached XP level 5. HP: 41/41 MP: 5/5
  1999 | D:3      | Reached *** piety under Trog
  2116 | D:3      | Reached skill level 5 in Axes
  2518 | D:4      | Reached XP level 6. HP: 25/47 MP: 4/6
  2650 | D:4      | Found a staircase to the Ecumenical Temple.
  2659 | Temple   | Entered the Ecumenical Temple
  3176 | D:4      | Found a shadowy altar of Dithmenos.
  3495 | D:5      | Entered Level 5 of the Dungeon
  3542 | D:5      | Reached skill level 6 in Axes
  3565 | D:5      | Reached XP level 7. HP: 49/53 MP: 5/7
  3759 | D:5      | Found a shimmering altar of Xom.
  3759 | D:5      | Found a glowing golden altar of the Shining One.
  3759 | D:5      | Found a hazy altar of Hepliaklqana.
  4451 | D:5      | Found Tyaf's Jewellery Shop.
  5037 | D:6      | Found a deep blue altar of Sif Muna.
  5127 | D:6      | Reached **** piety under Trog
  5165 | D:6      | Reached skill level 7 in Axes
  5979 | D:7      | Gained mutation: You are significantly more attuned to the shadows. [demonic ancestry]
  5979 | D:7      | Reached XP level 8. HP: 57/60 MP: 8/8
  6088 | D:8      | Reached skill level 8 in Axes
  6648 | D:8      | Reached skill level 9 in Axes
  6741 | D:8      | Noticed a hippogriff
  6742 | D:8      | Noticed a two-headed ogre
  6749 | D:8      | Killed a hippogriff
  6754 | D:8      | Killed a two-headed ogre
  6754 | D:8      | Reached skill level 5 in Fighting
  6754 | D:8      | Reached skill level 5 in Armour
  6754 | D:8      | Reached XP level 9. HP: 42/68 MP: 4/9
  6911 | D:8      | Reached skill level 10 in Axes
  7251 | D:9      | HP: 2/68 [yak (12)]
  7256 | D:9      | HP: 5/102 [yak (6)]
  7262 | D:9      | Slain by a yak

Skill      XL: |  1  2  3  4  5  6  7  8  9 |
---------------+----------------------------+-----
Axes           | 3 4 5 6 7 9 10 | 10.4
Dodging        | 2 3 |  3.0
Armour         | 2 3 5 |  5.9
Fighting       | 4 5 |  5.4
Evocations     | |  0.4

Action                   |  1- 3 |  4- 6 |  7- 9 || total
-------------------------+-------+-------+-------++-------
Melee: Hand axe          |   124 |   158 |   267 ||   549
Invok: Berserk           |     1 |     2 |     4 ||     7
       Trog's Hand       |       |     1 |     3 ||     4
       Burn Spellbooks   |       |       |     1 ||     1
Evoke: Wand              |       |       |     3 ||     3
  Use: Scroll            |       |       |    13 ||    13
       Potion            |       |       |     2 ||     2
  Eat: Chunk             |       |     5 |     8 ||    13
       Ration            |       |     2 |     2 ||     4
Armor: Animal skin       |     6 |       |       ||     6
       Chain mail        |    52 |    85 |   134 ||   271
Dodge: Dodged            |    56 |    58 |   107 ||   221
